 Dungeon Crawl Stone Soup version 0.32-a0-468-g38b2580 (webtiles) character file.

Game seed: 6783985587786962746

632 Remcycle the Cleaver (level 7, 0/52 HPs)
             Began as a Formicid Fighter on Feb 24, 2024.
             Incinerated by a bombardier beetle (1 damage)
             ... with a burning spray
             ... on level 5 of the Dungeon.
             The game lasted 00:08:51 (5089 turns).

Remcycle the Cleaver (Formicid Fighter)             Turns: 5089, Time: 00:08:52

Health: 0/52       AC: 11    Str: 21    XL:     7   Next: 78%
Magic:  7/7        EV:  5    Int:  7    God:
Gold:   236        SH:  6    Dex: 21    Spells: 6/6 levels left

rFire   + . .        a - +1 war axe
rCold   + + .        c - +0 buckler
rNeg    . . .        l - +0 plate armour
rPois   +            (helmet unavailable)
rElec   +            (no cloak)
rCorr   +            (no gloves)
SInv    +            (no boots)
Will    .....        (no amulet) Stlth
                     m - +6 ring of dexterity
HPRegen 0.28/turn    f - ring of protection from cold
MPRegen 0.10/turn

%: no passive effects
@: on fire, resistant, glowing
A: permanent stasis, dig shafts and tunnels, antennae 3, four strong arms
a: Dig, Shaft Self


You were on level 5 of the Dungeon.
You visited 2 branches of the dungeon, and saw 6 of its levels.

You collected 236 gold pieces.

Inventory:

Hand Weapons
 a - a +1 war axe (weapon)
Armour
 c - a +0 buckler (worn)
 l - a +0 plate armour (worn)
Jewellery
 f - a ring of protection from cold (right hand)
 m - a +6 ring of dexterity (left hand)
Wands
 p - a wand of iceblast (11)
Scrolls
 g - a scroll of poison {unknown}
 h - a scroll of noise
 i - 4 scrolls of teleportation
 k - 3 scrolls of revelation
Potions
 b - 3 potions of curing
 d - 2 potions of might
 e - 3 potions of enlightenment
 j - a potion of degeneration


   Skills:
 - Level 3.2 Fighting
 + Level 8.1 Axes
 - Level 3.2 Armour
 - Level 4.0 Shields


You had 6 spell levels left.
You didn't know any spells.
Your spell library was empty.

Dungeon Overview and Level Annotations

Branches:
Dungeon (5/15)             Temple (1/1) D:5

Altars:
Cheibriados
Fedhas
Gozag
Hepliaklqana
Kikubaaqudgha
Makhleb
Nemelex Xobeh
Qazlal
Ru
Trog
Uskayaw
Wu Jian
Xom
Zin
The Shining One

Shops:
D:2 *


Innate Abilities, Weirdness & Mutations

You cannot be hasted, slowed, berserked, paralysed or teleported.
You can dig through walls and to a lower floor.
You have a pair of large antennae on your head. (SInv)
Your four strong arms can wield two-handed weapons with a shield.


Message History

You are too injured to fight recklessly!
You are too injured to fight recklessly!
You are too injured to fight recklessly!
You hit the bombardier beetle but do no damage.
You hit the orc.
You kill the orc!
The liquid fire burns you!
You hit the bombardier beetle but do no damage.
You hit the orc. The liquid fire burns you!
* * * LOW HITPOINT WARNING * * *
The orc hits you with a +0 club.
* * * LOW HITPOINT WARNING * * *
You block the bombardier beetle's attack.
You closely miss the bombardier beetle. You hit the orc.
The liquid fire burns you!
* * * LOW HITPOINT WARNING * * *
You block the orc's attack.
The bombardier beetle sprays incendiary fluid at you.
The burning spray hits you.
You are even more covered in liquid fire!
You closely miss the bombardier beetle. You barely miss the orc.
The liquid fire burns you!
* * * LOW HITPOINT WARNING * * *
The orc hits you but does no damage.
You feel better. The liquid fire burns you!
* * * LOW HITPOINT WARNING * * *
The orc hits you but does no damage.
The bombardier beetle sprays incendiary fluid at you.
The burning spray hits you.
You are even more covered in liquid fire!
You closely miss the bombardier beetle. You barely miss the orc.
The liquid fire burns you!
* * * LOW HITPOINT WARNING * * *
You block the orc's attack.
It was a potion of resistance.
You feel protected. The liquid fire burns you!
You die...

#####.....,,****
<.........,,,,,###*****
.........,,,,,,...,,,,*
.#.#...#*,**,*,#.#***,*
#.#.#..#*,****,#.# *,*
)#)#.#.#*,* *,#.# *,*
#)>.#..#*,* *,#.# *,*
.#.#.#.#*,* #,#o#
*,******** #.#.#..#*,*
#.#@# *,,,,,,,,*
.#.#...#*,*
#.#B########,****
.......##.# #......B...#,*
..........####.#.########,*
.................# *,*
.####.###.####...# *,*
.####.# #.# #...# *,*
...##.# #.# #(..# *,*
.#.##.###.####...# *,*


You could see a bombardier beetle and an orc.

Vanquished Creatures
  An ogre (D:4)
  A scorpion (D:3)
  2 jellies (D:5)
  A hound (D:4)
  An orc priest (D:5)
  Jessica (D:2)
  4 orc wizards
  10 adders
  5 gnolls
  2 ribbon worms
  2 dart slugs (D:1)
  12 orcs
  6 ball pythons
  3 bats
  10 endoplasms
  5 giant cockroaches
  2 goblins (D:1)
  5 hobgoblins
  7 jackals
  4 quokkas
  2 frilled lizards
  4 kobolds
  10 rats
100 creatures vanquished.

Notes
Turn   | Place    | Note
-------+----------+-------------------------------------------
     0 | D:1      | Remcycle the Formicid Fighter began the quest for the Orb.
     0 | D:1      | Reached XP level 1. HP: 18/18 MP: 1/1
    79 | D:1      | Reached XP level 2. HP: 24/24 MP: 2/2
    92 | D:1      | Reached skill level 3 in Axes
   424 | D:1      | Reached XP level 3. HP: 29/29 MP: 3/3
  1581 | D:2      | Noticed Jessica
  1590 | D:2      | Reached skill level 4 in Axes
  1590 | D:2      | Reached XP level 4. HP: 34/35 MP: 4/4
  1596 | D:2      | Killed Jessica
  1703 | D:2      | Reached XP level 5. HP: 41/41 MP: 5/5
  1713 | D:2      | Reached skill level 5 in Axes
  2190 | D:2      | Found Igokod's General Store.
  2417 | D:3      | Reached XP level 6. HP: 29/47 MP: 6/6
  2614 | D:3      | Reached skill level 6 in Axes
  4139 | D:4      | Noticed an ogre
  4147 | D:4      | Killed an ogre
  4148 | D:4      | Reached skill level 7 in Axes
  4148 | D:4      | Reached XP level 7. HP: 16/52 MP: 7/7
  4721 | D:5      | Entered Level 5 of the Dungeon
  4781 | D:5      | Found a staircase to the Ecumenical Temple.
  4785 | Temple   | Entered the Ecumenical Temple
  5034 | D:5      | Reached skill level 8 in Axes
  5088 | D:5      | HP: 1/52 [burnt (4)]
  5089 | D:5      | Incinerated by a bombardier beetle

Illustrated notes

Levels and vault maps discovered:
D:1:      amcnicky_arrival_abandoned_market, layout_basic
D:2:      layout_basic, serial_shops, shop, minmay_rat_gold_closets,
          uniq_jessica
D:3:      layout_basic, dk_noncrumbling_4, solitary_fountain,
          kennysheep_generic_room_3
D:4:      layout_loops_corners, minivault_26
D:5:      layout_basic, minmay_temple_entry_grid
Temple:   nicolae_temple_bog_church

Skill      XL: |  1  2  3  4  5  6  7 |
---------------+----------------------+-----
Axes           | 3 4 5 7 8 |  8.1
Fighting       | |  3.2
Armour         | |  3.2
Shields        | |  4.0

Action                     |  1- 3 |  4- 6 |  7- 9 || total
---------------------------+-------+-------+-------++-------
  Melee: War axe           |    65 |   138 |    64 ||   267
    Use: Scroll            |       |       |     7 ||     7
         Potion            |       |       |     2 ||     2
 Armour: Scale mail        |    42 |    40 |       ||    82
         Plate armour      |       |    77 |    61 ||   138
  Dodge: Dodged            |    23 |    48 |    15 ||    86
  Block: Buckler           |    16 |    29 |    22 ||    67

Table legend: (Time is in decaauts)
 A = Elapsed time spent in this place.
 B = Non-inter-level travel time spent in this place.
 C = Inter-level travel time spent in this place.
 D = Time resting spent in this place.
 E = Time spent auto-exploring this place.
 F = Levels seen in this place.
 G = Mean time per level.
                   A        B        C        D        E       F      G
               +--------+--------+--------+--------+--------+-----+--------+
         Total |   5156 |   4985 |    171 |    466 |   3795 |   6 |  859.3 |
       Dungeon |   4978 |   4818 |    160 |    336 |   3795 |   5 |  995.6 |
        Temple |    177 |    166 |     11 |    130 |      0 |   1 |  177.0 |
               +--------+--------+--------+--------+--------+-----+--------+

Top non-repeatable levels by time:
     D:1: 1240 daAuts
     D:4: 1202 daAuts
     D:2: 1197 daAuts
     D:3: 1136 daAuts
     D:5: 201 daAuts
  Temple: 177 daAuts
